 Dungeon Crawl Stone Soup version 0.17-a0-1945-gfe993df (webtiles) character file.

1560 dpvblackbelt the Basher (level 8, 0/84 HPs)
             Began as an Ogre Hunter on Sept 30, 2015.
             Slain by an orc warrior
             ... wielding a +0 scimitar
              (19 damage)
             ... on level 5 of the Dungeon.
             The game lasted 00:18:17 (6625 turns).

dpvblackbelt the Basher (Ogre Hunter)               Turns: 6625, Time: 00:18:18

Health: 0/84       AC:  4    Str: 20    XL:     8   Next: 89%
Magic:  17/17      EV: 10    Int: 10    God:
Gold:   190        SH:  0    Dex: 10    Spells: 0 memorised, 7 levels left

rFire  . . .     SeeInvis .     y - +2 giant spiked club
rCold  . . .     Clarity  .     d - +0 robe
rNeg   . . .     SustAt   .     (no shield)
rPois  .         Gourm    .     (helmet restricted)
rElec  .         Spirit   .     l - +0 cloak
rCorr  .         Warding  .     (gloves unavailable)
rMut   .         Stasis   .     (boots unavailable)
MR     .....                    h - amulet of rage {+Rage, !d}
Stlth  +.........               (no ring)
                                p - ring of magical power {MP+9}

@: not resistant to hostile enchantments, very unstealthy
A: unfitting armour, tough skin 1
a: Evoke Berserk Rage


You were on level 5 of the Dungeon.
You were not hungry.

You visited 1 branch of the dungeon, and saw 6 of its levels.

You collected 190 gold pieces.

Inventory:

Hand weapons
 a - a +2 long sword of slicing
   (You found it on level 5 of the Dungeon)
 u - a +0 flail
   (You took it off an orc on level 3 of the Dungeon)
 y - a +2 giant spiked club (weapon)
   (You took it off an ogre on level 4 of the Dungeon)
Missiles
 b - 12 tomahawks
 C - 3 javelins (quivered)
Armour
 d - a +0 robe (worn)
 l - a +0 cloak (worn)
   (You found it on level 1 of the Dungeon)
Jewellery
 f - an uncursed amulet of faith {Faith, !P}
   (You found it on level 1 of the Dungeon)
 h - an amulet of rage (around neck) {+Rage, !d}
   (You took it off a goblin on level 1 of the Dungeon)
 p - a ring of magical power (left hand) {MP+9}
   (You found it on level 2 of the Dungeon)
Magical devices
 n - a wand of magic darts (29)
   (You found it on level 4 of the Dungeon)
 D - a wand of confusion (24)
   (You took it off Blork the orc on level 5 of the Dungeon)
 E - a wand of heal wounds (6)
   (You found it on level 4 of the Dungeon)
Scrolls
 g - 2 scrolls of teleportation
 m - 3 scrolls of remove curse
 q - a scroll of magic mapping {!r}
 r - a scroll of immolation {!r}
 s - a scroll of fear
 t - a scroll of fog
 z - a scroll of noise {!r}
 B - a scroll of recharging
 H - a scroll of blinking {!r}
 J - 3 scrolls of identify
Potions
 c - a potion of brilliance
 i - a potion of might {unknown}
 o - a potion of cancellation {unknown}
 v - a potion of berserk rage {unknown}
 F - 2 potions of lignification {!q}
Comestibles
 e - 3 bread rations {@e1@e1}
 j - 4 fruits
 x - a meat ration {@e2@e2}
 A - a beef jerky
 G - a royal jelly


   Skills:
 - Level 6.9 Fighting
 + Level 12.1 Maces & Flails
 - Level 4.3 Throwing
 - Level 1.7 Dodging
 - Level 0.7 Stealth


You had 7 spell levels left.
You didn't know any spells.

Dungeon Overview and Level Annotations

Branches:
Dungeon (6/15)
 Temple: D:4-7

Altars:
Dithmenos
Vehumet
Xom

Annotations:
D:5 1 runed door


Innate Abilities, Weirdness & Mutations

You are too large for most types of armour.
You have tough skin (AC +1).


Message History

C - 4 javelins (gained 1)
You see here a giant newt corpse.
C - 5 javelins (gained 1) Done exploring.
No target in view!
Done exploring.
No target in view!
Done exploring.
No target in view!
No target in view!
Done exploring.
No target in view!
Done exploring.
No target in view!
You see here a giant newt corpse.
You butcher the giant newt corpse.
w - a chunk of flesh {@w0@w0} No target in view!
Eating a chunk of flesh {@w0@w0}.
You continue eating. x2
Done exploring.
No target in view!
Done exploring.
No target in view!
Done exploring.
No target in view!
No target in view!
Done exploring.
No target in view!
Done exploring.
No target in view!
(D) Dungeon
Where to? (Enter - D:6, ? - help)
There is a stone staircase leading down here.
You climb downwards.
An orc comes into view. It is wielding a whip.
The orc shouts!
You hear a shout!
You hear a shout!
You hear a shout!
You hear a shout!
There is a stone staircase leading up here.
Aim: an orc, wielding a whip You throw a javelin.
The javelin barely misses the orc.
An orc is nearby!
Aim: an orc, wielding a whip You throw a javelin.
The javelin hits the orc.
An ice beast and a crimson imp come into view.
There are monsters nearby!
You barely miss the orc. The orc closely misses you.
The crimson imp completely misses you.
You barely miss the orc. The orc hits you with a whip.
The crimson imp closely misses you. The orc hits you with a whip.
An orc warrior comes into view. It is wielding a scimitar.
You take 5 damage, and have 79/84 hp.
There are monsters nearby!
You puncture the orc!
You kill the orc!
The crimson imp hits you but does no damage.
An adder comes into view.
There are monsters nearby!
You thump the crimson imp! The crimson imp barely misses you.
The orc warrior hits you with a scimitar!
You take 14 damage, and have 65/84 hp.
There are monsters nearby!
You miss the crimson imp. The crimson imp barely misses you.
The orc warrior barely misses you. The crimson imp hits you.
You take 3 damage, and have 62/84 hp.
You hit the crimson imp but do no damage.
The crimson imp laughs crazily.
The crimson imp completely misses you. The orc warrior closely misses you.
The crimson imp hits you.
The orc warrior hits you with a scimitar!
You climb upwards.
Level annotation: 1 runed door
There is a stone staircase leading down here.
You take 17 damage, and have 45/84 hp.
MASSIVE DAMAGE!!
The crimson imp hits you.
You take 1 damage, and have 44/84 hp.
The crimson imp hits you but does no damage.
The crimson imp blinks!
You hit the orc warrior.
The orc warrior hits you with a scimitar!!
You take 18 damage, and have 27/84 hp.
MASSIVE DAMAGE!!
Drink which item? (? for menu, Esc to quit)
You feel much better.
The orc warrior hits you with a scimitar!!
You regained 2 hp, and now have 29/84 hp.
You hit the orc warrior but do no damage.
The orc warrior hits you with a scimitar.
* * * LOW HITPOINT WARNING * * *
You take 5 damage, and have 24/84 hp.
You closely miss the orc warrior.
The orc warrior hits you with a scimitar!!
* * * LOW HITPOINT WARNING * * *
You take 23 damage, and have 1/84 hp.
MASSIVE DAMAGE!!
Drink which item? (? for menu, Esc to quit)
You feel much better.
The orc warrior hits you with a scimitar!!
You die...

.....# #.##########.#.#.####
.....########.#..#....##.#.......
............#.#..#....##.###.####
..........#.#.#..#....##.#.....##
#'#.....#...>....#....##.#.#.#.##
#.#.###.#..##....#.......#...#.##
#...#............###+#...#.#.#...
#####.#..........# #.###...###.##
.............#.#@# #...........#.
#####.##..##.#.#o#####...#.###.#.
.......#...#....5......#.#.# #.#.
#####..#.#.###.#....>....#.# #.#.
#####..#.....(.#######...#.# #.#.
.........................#.# #.#.
...............###########.# #.#.
...........................# #.#.
...............############# #.#.


You could see an orc warrior and a crimson imp.

Vanquished Creatures
  A sky beast (D:5)
  A centaur (D:5)
  5 ogres
  Blork the orc (D:5)
  2 scorpions (D:5)
  A crimson imp (D:5)
  A gnoll shaman (D:4)
  2 orc wizards (D:5)
  A giant frog skeleton (D:4)
  2 hounds
  Jessica (D:3)
  11 worker ants
  An iguana (D:5)
  4 gnolls (D:4)
  A worker ant zombie (D:5)
  4 adders
  A shadow imp (D:5)
  2 oozes
  An adder skeleton (D:4)
  6 worms
  2 giant geckos
  14 orcs
  2 ball pythons
  9 giant cockroaches
  12 goblins
  6 hobgoblins
  7 jackals
  7 kobolds
  A quokka (D:4)
  10 bats
  A giant gecko skeleton (D:5)
  10 giant newts
  8 rats
  2 butterflies (D:5)
140 creatures vanquished.

Notes
Turn   | Place    | Note
--------------------------------------------------------------
     0 | D:1      | dpvblackbelt the Ogre Hunter began the quest for the Orb.
     0 | D:1      | Reached XP level 1. HP: 22/22 MP: 1/1
    34 | D:1      | Reached skill level 3 in Fighting
   130 | D:1      | Reached XP level 2. HP: 31/31 MP: 2/2
   212 | D:1      | Reached skill level 4 in Fighting
   218 | D:1      | HP: 7/32 [giant gecko (4)]
   803 | D:1      | Reached XP level 3. HP: 40/40 MP: 3/3
  1025 | D:1      | Reached skill level 5 in Fighting
  1797 | D:2      | Reached XP level 4. HP: 48/50 MP: 4/4
  2145 | D:3      | Noticed Jessica
  2147 | D:3      | Killed Jessica
  2147 | D:3      | Reached skill level 6 in Fighting
  2195 | D:3      | Found a shadowy altar of Dithmenos.
  2340 | D:3      | Reached XP level 5. HP: 26/61 MP: 5/5
  3012 | D:3      | Reached skill level 1 in Maces & Flails
  3194 | D:4      | Reached skill level 2 in Maces & Flails
  3282 | D:4      | Reached skill level 3 in Maces & Flails
  3291 | D:4      | HP: 14/61 [gnoll shaman/club (3)]
  3292 | D:4      | Reached skill level 4 in Maces & Flails
  3292 | D:4      | Reached XP level 6. HP: 15/68 MP: 6/6
  3498 | D:4      | HP: 9/68 [gnoll/halberd (15)]
  3506 | D:4      | HP: 3/68 [gnoll/halberd (5)]
  4100 | D:4      | Found a shimmering altar of Xom.
  4167 | D:4      | Found a radiant altar of Vehumet.
  4204 | D:4      | Noticed an ogre
  4217 | D:4      | Killed an ogre
  4217 | D:4      | Reached skill level 5 in Maces & Flails
  4223 | D:4      | Noticed an ogre
  4231 | D:4      | Killed an ogre
  4231 | D:4      | Reached skill level 6 in Maces & Flails
  4231 | D:4      | Reached XP level 7. HP: 42/76 MP: 7/7
  4441 | D:4      | Reached skill level 7 in Maces & Flails
  4800 | D:4      | Noticed an ogre
  4805 | D:4      | Killed an ogre
  4805 | D:4      | Reached skill level 8 in Maces & Flails
  4874 | D:5      | Entered Level 5 of the Dungeon
  4913 | D:5      | HP: 17/76 [orc/trident (6)]
  4914 | D:5      | HP: 7/76 [orc/trident (7)]
  5303 | D:5      | Reached skill level 9 in Maces & Flails
  5303 | D:5      | Reached XP level 8. HP: 84/84 MP: 8/8
  5341 | D:5      | Noticed Blork the orc
  5360 | D:5      | Killed Blork the orc
  5370 | D:5      | Reached skill level 10 in Maces & Flails
  5501 | D:5      | Found a runed door.
  5643 | D:5      | Reached skill level 11 in Maces & Flails
  5848 | D:5      | Found a runed door.
  6228 | D:5      | HP: 18/84 [worker ant (5)]
  6234 | D:5      | HP: 15/84 [worker ant (7)]
  6237 | D:5      | Reached skill level 12 in Maces & Flails
  6624 | D:5      | HP: 1/84 [orc warrior/scimitar (24)]
  6625 | D:5      | Slain by an orc warrior

Vault maps used:
D:1:      evilmike_arrival_hilbert_curve, serial_curves, eino_curves_02,
          eino_curves_04
D:3:      lemuel_round_altar, grunt_ministairs_5, uniq_jessica
D:4:      xom_butterflies, kennysheep_mini, first_bread, kennysheep_boxes
D:5:      lemuel_insect_pit, kennysheep_generic_room_9, uniq_blork_the_orc
D:6:      zin_scriptorium, lemuel_doored_altar, uniq_menkaure, uniq_edmund

Action                   |  1- 3 |  4- 6 |  7- 9 || total
-------------------------+-------+-------+-------++-------
Melee: Short sword       |    43 |       |       ||    43
       Club              |     3 |       |       ||     3
       Mace              |    35 |    99 |       ||   134
       Flail             |       |    17 |       ||    17
       Giant spiked club |       |       |   104 ||   104
Throw: Large rock        |    46 |    34 |     8 ||    88
       Tomahawk          |       |    50 |       ||    50
       Javelin           |       |    32 |    47 ||    79
       Throwing net      |       |     4 |       ||     4
  Use: Scroll            |       |       |    12 ||    12
       Potion            |       |       |     8 ||     8
  Eat: Bread ration      |     1 |       |       ||     1
       Chunk             |       |     5 |     9 ||    14

Vault maps used:
D:1:      evilmike_arrival_hilbert_curve, serial_curves, eino_curves_02,
          eino_curves_04
D:3:      lemuel_round_altar, grunt_ministairs_5, uniq_jessica
D:4:      xom_butterflies, kennysheep_mini, first_bread, kennysheep_boxes
D:5:      lemuel_insect_pit, kennysheep_generic_room_9, uniq_blork_the_orc
D:6:      zin_scriptorium, lemuel_doored_altar, uniq_menkaure, uniq_edmund

Table legend:
 A = Turns spent in this place as a percentage of turns spent in the entire game.
 B = Non-inter-level travel turns spent in this place as a percentage of non-inter-level travel turns spent in the entire game.
 C = Inter-level travel turns spent in this place as a percentage of turns spent in this place.
 D = Turns resting spent in this place as a percentage of non-inter-level travel turns spent in this place.
 E = Turns spent auto-exploring this place as a percentage of non-inter-level travel turns spent in this place.
 F = Non-inter-level travel turns spent in this place divided by the number of levels of this place that you've seen.
                   A       B       C       D       E      F
               +-------+-------+-------+-------+-------+----------------------
         Total | 100.0 | 100.0 |   0.7 |   3.3 |  11.4 | 274.8
       Dungeon | 100.0 | 100.0 |   0.7 |   3.3 |  11.4 | 274.8
               +-------+-------+-------+-------+-------+----------------------

Table legend:
 A = Kills in this place as a percentage of kills in entire the game.
 B = Kills by you in this place as a percentage of kills by you in the entire game.
 C = Kills by friends in this place as a percentage of kills by friends in the entire game.
 D = Other kills in this place as a percentage of other kills in the entire game.
 E = Experience gained in this place as a percentage of experience gained in the entire game.
 F = Experience gained in this place divided by the number of levels of this place that you have seen.
                   A       B       C       D       E      F
               +-------+-------+-------+-------+-------+----------------------
         Total | 100.0 | 100.0 |  -nan |  -nan | 100.0 | 371.5
       Dungeon | 100.0 | 100.0 |  -nan |  -nan | 100.0 | 371.5
               +-------+-------+-------+-------+-------+----------------------
